 Dungeon Crawl Stone Soup version 0.24.0-29-g8ce449bc06 (webtiles) character file.

Game seed: 16837700833654081765, levelgen mode: deterministic

213 FessEmpty the Slasher (level 5, -1/46 HPs)
             Began as a Minotaur Abyssal Knight on Nov 15, 2019.
             Was an Initiate of Ru.
             Slain by a small abomination (15 damage)
             ... created by the touch of Lugonu
             ... on level 4 of the Dungeon.
             The game lasted 00:04:12 (2823 turns).

FessEmpty the Slasher (Minotaur Abyssal Knight)     Turns: 2823, Time: 00:04:13

Health: -1/46      AC:  6    Str: 18    XL:     5   Next: 59%
Magic:  5/5        EV: 11    Int:  9    God:    Ru [......]
Gold:   225        SH:  0    Dex:  9    Spells: 4/4 levels left

rFire    . . .     SeeInvis .   a - +1 falchion
rCold    . . .     Gourm    .   (no shield)
rNeg     . . .     Faith    .   q - +0 ring mail
rPois    .         Spirit   .   (helmet restricted)
rElec    .         Reflect  .   (no cloak)
rCorr    .         Harm     .   d - +0 pair of gloves
MR       .....                  (no boots)
Stlth    ..........             (no amulet)
HPRegen  0.15/turn              t - ring of wizardry
MPRegen  0.09/turn              (no ring)

@: hasted, very quick
A: retaliatory headbutt, horns 2
a: Renounce Religion


You were on level 4 of the Dungeon.
You worshipped Ru.
Ru was noncommittal.
You were not hungry.

You visited 1 branch of the dungeon, and saw 4 of its levels.
You visited the Abyss 1 time.

You collected 225 gold pieces.

Inventory:

Hand Weapons
 a - a +1 falchion (weapon)
Armour
 b - a +0 leather armour
 d - a +0 pair of gloves (worn)
 q - a +0 ring mail (worn)
Jewellery
 t - a ring of wizardry (left hand)
Scrolls
 g - 2 scrolls of identify
 h - 2 scrolls of remove curse
 l - a scroll of enchant armour {unknown}
 n - a scroll of enchant weapon {unknown}
 o - a scroll of fear {unknown}
 p - 3 scrolls of amnesia
 u - a scroll of teleportation {unknown}
 v - a scroll of random uselessness {unknown}
Potions
 e - 2 potions of flight {unknown}
 f - a potion of agility {unknown}
 i - a potion of curing
 j - 2 potions of haste
 k - a potion of brilliance {unknown}
 m - a potion of magic {unknown}
 r - a potion of mutation {unknown}
 s - a potion of ambrosia {unknown}
Comestibles
 c - 6 rations
 w - 2 chunks of flesh


   Skills:
 - Level 4.2 Fighting
 + Level 6.7 Long Blades
 - Level 2.4 Armour
 - Level 1.3 Dodging
   Level 1.7 Invocations


You had 4 spell levels left.
You didn't know any spells.
Your spell library was empty.

Dungeon Overview and Level Annotations

Branches:
Dungeon (4/15)
 Temple: D:4-7

Altars:
Qazlal
Ru
Vehumet


Innate Abilities, Weirdness & Mutations

You reflexively headbutt those who attack you in melee.
You have a pair of horns on your head.


Message History

Found a dagger.
Some of the chunks of flesh in your inventory have rotted away.
You now have 180 gold pieces (gained 13).
You now have 190 gold pieces (gained 10).
Eating a chunk of flesh.
You eat the chunk of flesh.
This raw flesh tastes terrible.
You now have 204 gold pieces (gained 14).
Found a dagger.
An adder comes into view.
The adder hisses angrily.
An adder is nearby!
An adder is nearby!
You hit the adder.
The adder is heavily wounded.
The adder bites you.
You hit the adder.
The adder is almost dead.
The adder barely misses you.
You riposte.
You hit the adder.
You kill the adder!
No target in view!
No target in view!
No target in view!
No target in view!
No target in view!
No target in view!
No target in view!
No target in view!
No target in view!
No target in view!
t - a bone ring You see here a dagger.
Found 22 stones.
Found 24 stones.
t - a ring of wizardry (left hand)
You see here 24 stones.
You see here a rat skeleton.
There is a stone staircase leading down here.
Found a stone staircase leading up.
There is a stone staircase leading down here.
Things that are here:
a cursed -1 hand axe; a +0 scale mail You now have 213 gold pieces (gained 9).
Done exploring.
Done exploring.
Done exploring.
No target in view!
No target in view!
No target in view!
(D) Dungeon
Where to? (Enter - D:3, ? - help)
There is a stone staircase leading down here.
You climb downwards.
You hear the hiss of flowing sand.
There is an entrance to an ossuary on this level.
Hurry and find it before the portal is buried!
An adder and a quokka come into view.
The adder hisses angrily.
Found a scroll labeled KESSE DAIHINIGH, 14 stones and 12 gold pieces.
Found an escape hatch in the ceiling.
There is a stone staircase leading up here.
Search for what [Enter for "Ru", or ? for help]? armor
As you read the scroll labeled NOAS GUSTRICUO, it crumbles to dust.
It is a scroll of amnesia.
You feel forgetful for a moment. The adder bites you but does no damage.
You hit the adder.
The adder is moderately wounded.
The adder bites you but does no damage. x2
You miss the adder. You headbutt the adder!
You kill the adder!
You hit the quokka.
The quokka is moderately wounded.
The quokka bites you.
The quokka bites you but does no damage.
You hit the quokka but do no damage.
The quokka is moderately wounded.
The quokka bites you but does no damage.
You barely miss the quokka.
The quokka is moderately wounded.
The quokka closely misses you.
You barely miss the quokka.
The quokka is moderately wounded.
The quokka barely misses you.
You riposte.
You closely miss the quokka.
The quokka is moderately wounded.
You closely miss the quokka.
The quokka is moderately wounded.
The quokka closely misses you.
You closely miss the quokka.
The quokka is moderately wounded.
The quokka closely misses you.
You riposte.
You hit the quokka.
The quokka is heavily wounded.
You barely miss the quokka. Your headbutt misses the quokka.
The quokka is heavily wounded.
The quokka bites you. The quokka barely misses you.
You riposte.
You hit the quokka.
You kill the quokka!
No target in view!
As you read the scroll labeled VUEPE FIHAEWU, it crumbles to dust.
It is a scroll of identify.
h - 2 scrolls of remove curse
v - a scroll labeled KESSE DAIHINIGH You butcher the quokka corpse.
w - 2 chunks of flesh You see here a quokka skeleton. x2
There is an escape hatch in the ceiling here.
You now have 225 gold pieces (gained 12).
HP restored.
There is a stone staircase leading up here. 2 orc wizards come into view.
The orc wizard shouts!
You hear a shout!
An orc wizard comes into view. It is wielding a +0 dagger.
An orc comes into view. It is wielding a +0 club.
The orc wizard points at you and mumbles some strange words.
The puff of flame hits you!
The orc wizard shouts!
There is a stone staircase leading up here.
You start resting.
Lugonu's wrath finds you! Space warps around you!
Your surroundings suddenly seem different.
Lugonu sends minions to punish you.
Found a buckler.
An orc, an orc priest, an orc wizard and a small abomination come into view.
The helpless orc priest fails to defend itself.
You slash the orc priest!
The orc priest is severely wounded.
The orc wizard shouts!
The orc shouts!
The orc priest looks satisfied for a moment.
You hit the orc priest.
You kill the orc priest!
The orc hits you with a +0 falchion.
The orc wizard hits you but does no damage.
You barely miss the orc wizard. The orc barely misses you.
The orc wizard hits you with a +0 dagger.
The small abomination barely misses you.
You closely miss the orc wizard.
The orc wizard hits you with a +0 dagger.
The orc completely misses you.
You riposte.
You slash the orc!
You kill the orc!
The small abomination hits you!
You closely miss the orc wizard.
The orc wizard hits you but does no damage.
The small abomination hits you.
You hit the orc wizard.
The orc wizard is moderately wounded.
The orc wizard hits you but does no damage.
The small abomination hits you!
* * * LOW HITPOINT WARNING * * *
You hit the small abomination but do no damage.
Your headbutt misses the small abomination.
The orc wizard hits you but does no damage.
The small abomination barely misses you.
You hit the small abomination.
The small abomination is lightly damaged.
The small abomination hits you.
* * * LOW HITPOINT WARNING * * *
The orc wizard hits you but does no damage.
Firing (i - inventory) No suitable missiles.
Press: ? - help, Shift-Dir - straight line, f - small abomination
Aim: a small abomination (lightly damaged, durably summoned)
Okay, then.
The orc wizard closely misses you.
Things that are here:
a +0 flail; a +0 leather armour The orc wizard points at you and mumbles some strange words.
You are confused.
It was a potion of curing.
You feel better. The small abomination hits you.
* * * LOW HITPOINT WARNING * * *
The orc wizard hits you but does no damage.
It was a potion of haste.
You feel yourself speed up.
The small abomination closely misses you.
You riposte.
You hit the small abomination but do no damage.
The small abomination is lightly damaged.
The orc wizard casts a spell.
The orc wizard flickers and vanishes!
Deactivating autopickup; reactivate with Ctrl-A.
You hit the small abomination.
The small abomination is moderately damaged.
The small abomination closely misses you.
You hit the small abomination.
The small abomination is moderately damaged.
Something hits you.
* * * LOW HITPOINT WARNING * * *
The small abomination hits you.
* * * LOW HITPOINT WARNING * * *
You feel better.
You hear some strange, mumbled words.
Something tries to affect you, but you resist.
You completely miss the small abomination.
You headbutt the small abomination.
The small abomination is heavily damaged.
The small abomination hits you but does no damage.
You hit the small abomination.
Your headbutt misses the small abomination.
The small abomination is heavily damaged.
The small abomination hits you!
* * * LOW HITPOINT WARNING * * *
Something hits you but does no damage.
You feel better. The small abomination hits you!
You die...

# # #. .# . #.
#.#. #.# #....
#.[###..#
#.....# #@...#
#..###{x.###
#....)....#
#............#
..########....#
. ##..# .# #


You could see a small abomination.

Vanquished Creatures
  2 orc priests
  Robin (D:2)
  3 adders
  3 gnolls (D:2)
  4 leopard geckos
  5 orcs
  3 giant cockroaches
  16 goblins
  7 hobgoblins
  4 jackals (D:2)
  5 kobolds
  2 quokkas
  3 ball pythons
  4 bats
  8 frilled lizards
  12 rats
82 creatures vanquished.

Notes
Turn   | Place    | Note
-------+----------+-------------------------------------------
     0 | Abyss:1  | FessEmpty the Minotaur Abyssal Knight began the quest for
                  | the Orb.
     0 | Abyss:1  | Reached XP level 1. HP: 19/19 MP: 1/1
    33 | Abyss:1  | Noticed an ancient zyme
    35 | D:1      | Escaped the Abyss
    95 | D:1      | Reached * piety under Lugonu
   124 | D:1      | Reached XP level 2. HP: 24/27 MP: 2/2
   383 | D:1      | Reached skill level 3 in Long Blades
   919 | D:2      | Noticed Robin
   924 | D:2      | HP: 1/27 [goblin/+0 club[Robin] (3)]
  1216 | D:1      | Reached XP level 3. HP: 32/33 MP: 3/3
  1320 | D:2      | Killed Robin
  1320 | D:2      | Reached skill level 4 in Long Blades
  1321 | D:2      | Reached ** piety under Lugonu
  1344 | D:2      | Reached XP level 4. HP: 21/40 MP: 4/4
  1349 | D:2      | Reached skill level 5 in Long Blades
  1642 | D:2      | Found a radiant altar of Vehumet.
  1804 | D:2      | Found a sacrificial altar of Ru.
  1949 | D:2      | Fell from the grace of Lugonu
  1949 | D:2      | Became a worshipper of Ru the Awakened
  2046 | D:3      | Reached XP level 5. HP: 7/46 MP: 5/5
  2321 | D:3      | Found a stormy altar of Qazlal.
  2363 | D:3      | Reached skill level 6 in Long Blades
  2823 | D:4      | Slain by a small abomination

Levels and vault maps discovered:
D:1:      dpeg_arrival_concentric_ovals, layout_basic
D:2:      layout_loops_ring, old_standard_altar, lemuel_doored_altar, uniq_robin
D:3:      layout_rooms, grunt_qazlal_clouds, moated_statue
D:4:      layout_layer_cave, gammafunk_temple_overflow_wave, okawaru_trees_2,
          enter_ossuary_2, minmay_quadrilaterals, uniq_blork_the_orc,
          uniq_crazy_yiuf_cottage

Skill      XL: |  1  2  3  4  5 |
---------------+----------------+-----
Fighting       | 4 |  4.2
Long Blades    | 3 4 5 6 |  6.7
Armour         | |  2.4
Dodging        | |  1.3
Invocations    | |  1.7

Action                   |  1- 3 |  4- 6 || total
-------------------------+-------+-------++-------
Melee: Falchion          |    66 |    94 ||   160
       Headbutt          |    10 |    15 ||    25
Invok: Depart the Abyss  |     1 |       ||     1
  Use: Potion            |       |     4 ||     4
       Scroll            |       |     2 ||     2
 Stab: Sleeping          |       |     1 ||     1
  Eat: Chunk             |     1 |     5 ||     6
Armor: Leather armour    |     6 |       ||     6
       Ring mail         |    25 |    35 ||    60
Dodge: Dodged            |    72 |    56 ||   128
       Rpst.: Falchion   |    19 |    20 ||    39
